 Dungeon Crawl Stone Soup version 0.22-a0-322-g60b3cfd (webtiles) character file.

587 DiscipleGeek the Cutter (level 7, -4/66 HPs)
             Began as a Troll Assassin on Apr 2, 2018.
             Slain by an orc
             ... wielding a +0 mace
              (6 damage)
             ... on level 4 of the Dungeon.
             The game lasted 00:17:10 (3129 turns).

DiscipleGeek the Cutter (Troll Assassin)            Turns: 3129, Time: 00:17:10

Health: -4/66      AC:  8    Str: 20    XL:     7   Next: 15%
Magic:  6/6        EV: 11    Int:  7    God:
Gold:   250        SH:  0    Dex: 13    Spells: 6/6 levels left

rFire    . . .     SeeInvis .   a - +2 dagger
rCold    . . .     Gourm    +   (no shield)
rNeg     . . .     Faith    .   c - +1 robe
rPois    .         Spirit   .   (helmet restricted)
rElec    .         Reflect  .   d - +1 cloak
rCorr    .         Harm     .   (gloves unavailable)
MR       +....                  (boots unavailable)
Stlth    +++.......             (no amulet)
HPRegen  0.61/turn              k - ring of stealth
MPRegen  0.10/turn              i - ring of protection from magic

@: hasted, very quick
A: large, unfitting armour, claws 3, fast metabolism 3, gourmand, regeneration
1, shaggy fur 1, tough skin 2
a: no special abilities


You were on level 4 of the Dungeon.
You were completely stuffed.

You visited 1 branch of the dungeon, and saw 5 of its levels.

You collected 250 gold pieces.

Inventory:

Hand Weapons
 a - a +2 dagger (weapon)
 b - a +1 blowgun
Missiles
 e - 4 poisoned needles
 f - 2 curare-tipped needles
 j - 3 tomahawks (quivered)
 l - 61 arrows
Armour
 c - a +1 robe (worn)
 d - a +1 cloak (worn)
Jewellery
 i - a ring of protection from magic (right claw)
 k - a ring of stealth (left claw)
 n - an uncursed ring of resist corrosion
Wands
 m - a wand of random effects (40)
Scrolls
 p - a scroll of remove curse
 r - 2 scrolls of identify
 s - a scroll of enchant weapon
Potions
 h - a potion of haste
 o - 2 potions of curing {unknown}
 q - 2 potions of lignification {unknown}
 t - a potion of ambrosia {unknown}
Comestibles
 g - 10 rations
 u - a chunk of flesh


   Skills:
 + Level 2.7 Fighting
 + Level 3.9 Short Blades
 + Level 2.3 Throwing
 + Level 2.8 Dodging
 + Level 3.4 Stealth


You had 6 spell levels left.
You didn't know any spells.

Dungeon Overview and Level Annotations

Branches:
Dungeon (5/15)
 Temple: D:4-7

Altars:


Innate Abilities, Weirdness & Mutations

You are too large for most types of armour.
You have claws for hands.
Your metabolism is lightning-fast.
You like to eat raw meat.
Your natural rate of healing is unusually fast.
You are covered in fur. (AC +1)
You have very tough skin. (AC +2)


Message History

The orc wizard is severely wounded.
The orc hits you but does no damage.
You hit the orc wizard.
The orc wizard is almost dead.
The orc closely misses you.
The orc wizard hits you but does no damage.
You hit the orc wizard.
You kill the orc wizard!
You hit the orc but do no damage. The orc hits you but does no damage.
The orc barely misses you.
You hit the orc but do no damage. The orc hits you with a short sword.
* * * LOW HITPOINT WARNING * * *
You hit the orc but do no damage. The orc hits you but does no damage.
You hit the orc.
The orc is moderately wounded.
The orc barely misses you.
You hit the orc.
The orc is severely wounded.
The orc hits you with a mace.
You die...

#.#########........#####........
##.##......##.....<.#####........
.#.##......##.......##..'........
##.##.......#.......##.##........
...#####..........^.##.########'#
##...............#####.# #..
##............#..# #.# ###
...........##.#)o# #.#
..#+####...##..o@#####.# ..#.#
#...########..#'######## .>#.#
#...# ####...........#
..#.####...#####.............<#
.##.##.........#.##.#.[.......#
.#<..#.........#.##...........#
###..#(........#.............(#
.....#.........######.........#
...#.#.........# #.........#


You could see 2 orcs.

Vanquished Creatures
  The ghost of mobydollar the Sneak, an amateur KoAs (D:3)
  An ogre (D:4)
  An orc priest (D:4)
  A hound (D:5)
  4 orc wizards
  A worker ant (D:4)
  5 adders
  An adder skeleton (D:4)
  6 worms
  3 dart slugs
  A leopard gecko (D:2)
  6 orcs
  2 giant cockroaches
  4 goblins
  5 hobgoblins
  4 jackals (D:1)
  5 quokkas
  A ball python (D:2)
  10 bats
  4 frilled lizards
  9 kobolds
  7 rats
82 creatures vanquished.

Notes
Turn   | Place    | Note
-------+----------+-------------------------------------------
     0 | D:1      | DiscipleGeek the Troll Assassin began the quest for the Orb.
     0 | D:1      | Reached XP level 1. HP: 19/19 MP: 0/0
   184 | D:1      | Reached XP level 2. HP: 23/27 MP: 1/1
   362 | D:1      | Reached skill level 1 in Dodging
   565 | D:1      | Reached XP level 3. HP: 35/35 MP: 2/2
  1537 | D:3      | Reached XP level 4. HP: 42/42 MP: 3/3
  1540 | D:3      | Found a faded altar of an unknown god.
  1796 | D:3      | Noticed mobydollar's ghost (amateur KoAs)
  2007 | D:4      | Reached XP level 5. HP: 49/49 MP: 4/4
  2135 | D:4      | Noticed an ogre
  2145 | D:4      | Killed an ogre
  2195 | D:4      | Reached XP level 6. HP: 51/57 MP: 5/5
  2991 | D:3      | Killed mobydollar's ghost
  3025 | D:5      | Entered Level 5 of the Dungeon
  3045 | D:5      | Reached XP level 7. HP: 27/66 MP: 6/6
  3121 | D:4      | HP: 2/66 [orc/mace (3)]
  3126 | D:4      | HP: 1/66 [orc/short sword (2)]
  3129 | D:4      | Slain by an orc

Vault maps used:
D:1:      nzn_arrival_depleted_hourglass
D:2:      first_ration
D:3:      chequers_ecumenical_altar_simple_redux, cheibrodos_sewer_entry_bend
D:5:      serial_shops, shop

Skill      XL: |  1  2  3  4  5  6 |
---------------+-------------------+-----
Dodging        | 1 2 |  2.8
Short Blades   | 2 3 |  3.9
Fighting       | 2 |  2.7
Stealth        | 3 |  3.4
Throwing       | 2 |  2.3

Action                   |  1- 3 |  4- 6 |  7- 9 || total
-------------------------+-------+-------+-------++-------
Melee: Dagger            |   190 |   158 |    41 ||   389
 Fire: Blowgun           |       |     3 |     4 ||     7
Throw: Tomahawk          |       |    10 |       ||    10
  Use: Scroll            |     5 |     5 |       ||    10
       Potion            |       |       |     1 ||     1
 Stab: Sleeping          |     7 |    12 |       ||    19
  Eat: Chunk             |    20 |    11 |     3 ||    34
Armor: Robe              |    75 |    44 |    18 ||   137
Dodge: Dodged            |    99 |    64 |    31 ||   194

Table legend:
 A = Spawn XP
 B = Non-spawn XP
 C = Spawn XP percentage of total XP
 D = Spawn monster count
 E = Non-spawn monster count
 F = Spawn count percentage of total count
 G = Total turns spent on level
                    A         B        C        D         E        F      G
               +---------+---------+-------+---------+---------+-------+---------
         Total |       0 |     839 |   0.0 |       0 |      82 |   0.0 |  3129
               +---------+---------+-------+---------+---------+-------+---------
           D:1 |       0 |      41 |   0.0 |       0 |      26 |   0.0 |   806
           D:2 |       0 |      55 |   0.0 |       0 |      23 |   0.0 |   726
           D:3 |       0 |     300 |   0.0 |       0 |      14 |   0.0 |   815
           D:4 |       0 |     306 |   0.0 |       0 |      12 |   0.0 |   688
           D:5 |       0 |     137 |   0.0 |       0 |       7 |   0.0 |    94
               +---------+---------+-------+---------+---------+-------+---------
